 Dungeon Crawl Stone Soup version 0.31-a0-117-g42d8f58691 (webtiles) character file.

Game seed: 12267135609603653068

69 ders the Digger (level 4, 0/24 HPs)
             Began as a Gargoyle Earth Elementalist on May 30, 2023.
             Slain by a hobgoblin (2 damage)
             ... on level 3 of the Dungeon.
             The game lasted 00:01:49 (1576 turns).

ders the Digger (Gargoyle Earth Elementalist)       Turns: 1576, Time: 00:01:50

Health: 0/24       AC:  5    Str: 12    XL:     4   Next: 20%
Magic:  5/7        EV: 11    Int: 17    God:
Gold:   70         SH:  0    Dex: 10    Spells: 4/8 levels left

rFire   . . .        e - +0 dagger
rCold   . . .        (no shield)
rNeg    + . .        a - +0 robe
rPois   ∞            (no helmet)
rElec   +            (no cloak)
rCorr   .            (no gloves)
SInv    .            (no boots)
Will    .....        (no amulet)
Stlth   ++           (no ring)
HPRegen 0.24/turn    (no ring)
MPRegen 0.10/turn

%: no passive effects
@: no status effects
A: sickness immunity, AC +3, negative energy resistance 1, electricity
resistance, torment resistance 1, petrification resistance
a: no special abilities


You were on level 3 of the Dungeon.
You visited 1 branch of the dungeon, and saw 3 of its levels.

You collected 70 gold pieces.

Inventory:

Hand Weapons
 e - a +0 dagger (weapon)
Armour
 a - a +0 robe (worn)
Scrolls
 c - 3 scrolls of identify {unknown}
 d - a scroll of fog
 h - a scroll of enchant armour {unknown}
Potions
 b - 2 potions of magic
 f - a potion of might {unknown}
 g - a potion of lignification {unknown}


   Skills:
 - Level 1.5 Dodging
 - Level 2.1 Stealth
 + Level 2.6 Spellcasting
 * Level 2.7 Conjurations
 - Level 0.7 Transmutations
 + Level 4.3 Earth Magic


You had 4 spell levels left.
You knew the following spells:

 Your Spells              Type           Power      Damage    Failure   Level
a - Sandblast             Erth           32%        2d9       3%          1
b - Stone Arrow           Conj/Erth      28%        3d8       13%         3

Your spell library contained the following spells:

 Spells                   Type           Power      Damage    Failure   Level
 Passwall                 Tmut/Erth      8%         N/A       10%         2
 Petrify                  Tmut/Erth      10%        N/A       54%         4


Dungeon Overview and Level Annotations

Branches:
Dungeon (3/15)

Altars:

Annotations:
D:3 Robin


Innate Abilities, Weirdness & Mutations

You are immune to sickness and miasma.
Your stone body is resilient. (AC +3)
You are immune to poison.
You resist negative energy. (rN+)
You are resistant to electric shocks. (rElec)
You are resistant to unholy torment.
You are immune to petrification.


Message History

The goblin shouts! x2
Robin throws the goblin at you! The goblin closely misses you.
The goblin hits you but does no damage.
A goblin comes into view. It is wielding a +0 club.
A ball python comes into view.
The goblin closely misses you.
A hobgoblin comes into view.
The goblin hits you but does no damage.
A goblin comes into view. It is wielding a +0 club. x2
Unknown command. 2 goblins come into view.
The goblin shouts!
The hobgoblin shouts!
You hear a shout!
Robin roars a battlecry!
The goblins go into a battle-frenzy!
The goblin hits you but does no damage.
A goblin comes into view. It is wielding a +0 dagger.
The goblin shouts!
The goblin attacks as you move away! The goblin barely misses you.
The gnoll attacks as you move away! The gnoll barely misses you.
You hear a shout!
The hobgoblin hits you. The hobgoblin attacks as you move away!
The hobgoblin hits you. The gnoll attacks as you move away!
The gnoll closely misses you. The hobgoblin attacks as you move away!
The hobgoblin closely misses you. The goblin attacks as you move away!
The goblin misses you. Robin throws the goblin at you!
The goblin closely misses you. The goblin hits you but does no damage.
You hit the goblin.
The goblin is moderately wounded.
The goblin hits you with a +0 dagger. x2
The hobgoblin hits you but does no damage.
The goblin hits you but does no damage.
As you read the scroll labelled EPLYWONINTU, it crumbles to dust.
The scroll dissolves into smoke.
It was a scroll of fog.
The goblin hits you with a +0 dagger.
* * * LOW HITPOINT WARNING * * *
The goblin hits you with a +0 dagger.
* * * LOW HITPOINT WARNING * * *
The hobgoblin hits you.
You die...

....>............ ..
g.g.............. ...
#..g.....#......
....#g.g.......#.#..
.....#ggSgg........#
.......g.g.)......# ..
.......g......#....
.........§gg§....# .
.... #...§@gg....####
....##..§g#g.....'..#
#.......§§##.....##.#
#.........'...........
#.........###.......##..
#......<.............. .
#...##..............###
#.. #................
#................


You could see Robin, 3 gnolls, 2 hobgoblins and 9 goblins.

Vanquished Creatures
  3 adders (D:2)
  3 dart slugs
  4 ball pythons
  4 bats
  3 endoplasms (D:2)
  A giant cockroach (D:1)
  4 goblins
  A jackal (D:2)
  5 kobolds (D:2)
  2 quokkas (D:2)
  3 frilled lizards
  A rat (D:1)
34 creatures vanquished.

Notes
Turn   | Place    | Note
-------+----------+-------------------------------------------
     0 | D:1      | ders the Gargoyle Earth Elementalist began the quest for
                  | the Orb.
     0 | D:1      | Reached XP level 1. HP: 10/10 MP: 3/3
   270 | D:1      | Reached skill level 1 in Conjurations
   355 | D:1      | Reached XP level 2. HP: 15/15 MP: 1/5
   718 | D:2      | Reached skill level 4 in Earth Magic
   719 | D:2      | Reached XP level 3. HP: 19/19 MP: 3/6
   723 | D:2      | Learned a level 3 spell: Stone Arrow
   893 | D:2      | Reached XP level 4. HP: 24/24 MP: 1/7
  1568 | D:3      | Noticed Robin
  1576 | D:3      | Slain by a hobgoblin

Illustrated notes

Levels and vault maps discovered:
D:1:      minmay_arrival_shattered_statue, layout_rooms, serial_glass,
          glass_columns_a, glass_columns_a, item_on_display_a,
          item_on_display_a, item_on_display_a
D:2:      layout_basic, minmay_pentomino_u4
D:3:      layout_basic, mainiacjoe_overflow_alcove_3,
          mainiacjoe_overflow_catwalk, uniq_robin, uniq_jessica, uniq_ijyb

Skill      XL: |  1  2  3 |
---------------+----------+-----
Conjurations   | 1 2 |  2.7
Earth Magic    | 4 |  4.3
Dodging        | |  1.5
Stealth        | |  2.1
Spellcasting   | |  2.6
Transmutations | |  0.7

Action                     |  1- 3 |  4- 6 || total
---------------------------+-------+-------++-------
  Melee: Unarmed           |     3 |       ||     3
         Dagger            |     7 |     1 ||     8
   Cast: Sandblast         |    38 |    14 ||    52
    Use: Scroll            |       |     1 ||     1
 Armour: Robe              |    11 |    13 ||    24
  Dodge: Dodged            |    17 |    12 ||    29

Table legend: (Time is in decaauts)
 A = Elapsed time spent in this place.
 B = Non-inter-level travel time spent in this place.
 C = Inter-level travel time spent in this place.
 D = Time resting spent in this place.
 E = Time spent auto-exploring this place.
 F = Levels seen in this place.
 G = Mean time per level.
                   A        B        C        D        E       F      G
               +--------+--------+--------+--------+--------+-----+--------+
         Total |   1601 |   1579 |     22 |     57 |   1314 |   3 |  533.7 |
       Dungeon |   1601 |   1579 |     22 |     57 |   1314 |   3 |  533.7 |
               +--------+--------+--------+--------+--------+-----+--------+

Top non-repeatable levels by time:
     D:2: 1086 daAuts
     D:1: 448 daAuts
     D:3: 65 daAuts
